[Event "FIDE Womens Grand Prix-I 2022-23"]
[Site "Nur-Sultan"]
[Date "2022.09.18"]
[Round "1.1"]
[White "Goryachkina, Aleksandra"]
[Black "Shuvalova, Polina"]
[Result "1-0"]
[ECO "C56"]
[WhiteElo "2579"]
[BlackElo "2510"]
[Annotator "ChessBase"]
[PlyCount "71"]
[EventDate "2022.09.15"]
[EventType "tourn"]
[EventCountry "KAZ"]
[SourceTitle "playchess.com"]
[Source "ChessBase"]
[SourceQuality "1"]
[TimeControl "40/5400+30:1800+30"]

1. e4 e5 2. Nf3 Nc6 3. Bc4 Nf6 4. d4 exd4 5. e5 d5 6. Bb5 Ne4 7. Nxd4 Bd7 8. Bxc6 bxc6 9. O-O Be7 10. f3 Nc5 11. Be3 O-O 12. Nc3 a5 13. Qd2 a4 14. Rad1 a3 15. b3 Na6 16. Nde2 Bf5 17. Ng3 Be6 18. Nce2 c5 19. c3 Qd7 20. Nh5 Kh8 21. Bg5 Rad8 22. Qc1 Nb8 23. h3 Nc6 24. Bxe7 Qxe7 25. f4 Bc8 26. Qxa3 f6 27. exf6 gxf6 28. Neg3 Qe3+ 29. Kh2 Qxc3 30. Rc1 Qb4 31. Qxb4 Nxb4 32. Rxc5 Nxa2 33. Rxc7 d4 34. Ra1 d3 35. Rxa2 d2 36. Raa7 1-0

[Event "FIDE Womens Grand Prix-I 2022-23"]
[Site "Nur-Sultan"]
[Date "2022.09.18"]
[Round "1.2"]
[White "Lagno, Kateryna"]
[Black "Vaishali, Rameshbabu"]
[Result "1/2-1/2"]
[ECO "B34"]
[WhiteElo "2547"]
[BlackElo "2449"]
[Annotator "ChessBase"]
[PlyCount "62"]
[EventDate "2022.09.15"]
[EventType "tourn"]
[EventCountry "KAZ"]
[SourceTitle "playchess.com"]
[Source "ChessBase"]
[SourceQuality "1"]
[TimeControl "40/5400+30:1800+30"]

1. e4 c5 2. Nf3 Nc6 3. Nc3 g6 4. d4 cxd4 5. Nxd4 Bg7 6. Be3 Nf6 7. Be2 O-O 8. O-O d5 9. exd5 Nxd5 10. Nxd5 Nxd4 11. Bxd4 Qxd5 12. Bxg7 Qxd1 13. Raxd1 Kxg7 14. Bf3 Be6 15. Bd5 Bxd5 16. Rxd5 Rfd8 17. Rfd1 Rxd5 18. Rxd5 Rc8 19. c3 Rc7 20. f4 e6 21. Rd4 Kf6 22. Kf2 e5 23. fxe5+ Kxe5 24. Ke3 f5 25. c4 Re7 26. Rd5+ Kf6+ 27. Kf3 g5 28. Rd6+ Ke5 29. Rd5+ Kf6 30. Rd6+ Ke5 31. Rd5+ Kf6 1/2-1/2

[Event "FIDE Womens Grand Prix-I 2022-23"]
[Site "Nur-Sultan"]
[Date "2022.09.18"]
[Round "1.3"]
[White "Kashlinskaya, Alina"]
[Black "Kosteniuk, Alexandra"]
[Result "1/2-1/2"]
[ECO "D11"]
[WhiteElo "2491"]
[BlackElo "2521"]
[Annotator "ChessBase"]
[PlyCount "177"]
[EventDate "2022.09.15"]
[EventType "tourn"]
[EventCountry "KAZ"]
[SourceTitle "playchess.com"]
[Source "ChessBase"]
[SourceQuality "1"]
[TimeControl "40/5400+30:1800+30"]

1. d4 d5 2. c4 c6 3. Nf3 Nf6 4. Nbd2 g6 5. b3 Bg7 6. Bb2 Ne4 7. e3 O-O 8. Be2 Qa5 9. Qc1 Nd7 10. O-O Ndf6 11. a3 Bg4 12. b4 Qc7 13. cxd5 Nxd2 14. Qxd2 cxd5 15. Rfc1 Qd6 16. a4 Ne4 17. Qe1 Rfc8 18. h3 Be6 19. b5 Rxc1 20. Rxc1 a6 21. bxa6 bxa6 22. Ne5 Rb8 23. Rc6 Qb4 24. Qxb4 Rxb4 25. Ba3 Rxa4 26. Rxa6 Rxa6 27. Bxa6 Kf8 28. Nc6 Bf6 29. Bb7 Bg5 30. Nd8 Ke8 31. Nxe6 fxe6 32. Bc8 Kf7 33. Bb4 h5 34. Kf1 Bf6 35. Bb7 Nd6 36. Bc6 Nc4 37. Ke2 Nd6 38. Kd3 Nf5 39. g4 hxg4 40. hxg4 Nd6 41. f3 Kf8 42. Be1 Kf7 43. Bg3 Kf8 44. Kc3 Nf7 45. Kd3 Ng5 46. Ke2 Kf7 47. Bc7 Nh7 48. Bg3 Ng5 49. Kf2 Kf8 50. Bd7 Kf7 51. Kg2 Bg7 52. Bf4 Bf6 53. Bc8 Nh7 54. Bg3 Nf8 55. Kh3 g5 56. Kg2 Ke8 57. Bc7 Kf7 58. Bb7 Ng6 59. Kf2 Bg7 60. Bc6 Bf6 61. Ke2 Bg7 62. Bg3 Bf6 63. Kd3 Bg7 64. f4 Bh6 65. f5 Nf8 66. fxe6+ Kxe6 67. e4 dxe4+ 68. Kxe4 Kf7 69. d5 Ng6 70. Be1 Bg7 71. Bd7 Bf6 72. Bd2 Nf4 73. Bb5 Ng6 74. Ba4 Ne5 75. Kf5 Nf3 76. Be3 Nh4+ 77. Ke4 Ng2 78. Bd2 Nf4 79. Bb3 Kg6 80. Bb4 Ne2 81. Bc4 Nf4 82. Bf1 Kf7 83. Bb5 Ng2 84. Bc4 Kg6 85. Ba3 Kg7 86. Bc5 Kg6 87. d6 exd6 88. Bxd6 Nf4 89. Bxf4 1/2-1/2

[Event "FIDE Womens Grand Prix-I 2022-23"]
[Site "Nur-Sultan"]
[Date "2022.09.18"]
[Round "1.4"]
[White "Assaubayeva, Bibisara"]
[Black "Abdumalik, Zhansaya"]
[Result "1/2-1/2"]
[ECO "E04"]
[WhiteElo "2443"]
[BlackElo "2503"]
[Annotator "ChessBase"]
[PlyCount "66"]
[EventDate "2022.09.15"]
[EventType "tourn"]
[EventCountry "KAZ"]
[SourceTitle "playchess.com"]
[Source "ChessBase"]
[SourceQuality "1"]
[TimeControl "40/5400+30:1800+30"]

1. d4 Nf6 2. c4 e6 3. Nf3 d5 4. Nc3 c6 5. g3 dxc4 6. Bg2 b5 7. O-O Bb7 8. e4 Be7 9. Qc2 Na6 10. a3 h6 11. Be3 Rc8 12. Rad1 Ng4 13. Bf4 Nf6 14. Ne5 Qb6 15. Be3 c5 16. d5 Bd6 17. Bf4 Bb8 18. dxe6 Qxe6 19. Nxb5 O-O 20. Nxc4 Bxf4 21. gxf4 Bxe4 22. Bxe4 Nxe4 23. f3 Qg6+ 24. Qg2 Nf6 25. Qxg6 fxg6 26. Nxa7 Rce8 27. Nb5 Nh5 28. Rd6 Nb8 29. Nc7 Re2 30. Ne6 Re8 31. Nc7 Rf8 32. Ne6 Re8 33. Nc7 Rf8 1/2-1/2

[Event "FIDE Womens Grand Prix-I 2022-23"]
[Site "Nur-Sultan"]
[Date "2022.09.18"]
[Round "1.5"]
[White "Tan, Zhongyi"]
[Black "Zhu, Jiner"]
[Result "1/2-1/2"]
[ECO "E46"]
[WhiteElo "2525"]
[BlackElo "2464"]
[Annotator "ChessBase"]
[PlyCount "83"]
[EventDate "2022.09.15"]
[EventType "tourn"]
[EventCountry "KAZ"]
[SourceTitle "playchess.com"]
[Source "ChessBase"]
[SourceQuality "1"]
[TimeControl "40/5400+30:1800+30"]

1. d4 Nf6 2. c4 e6 3. Nc3 Bb4 4. e3 O-O 5. Nge2 c6 6. a3 Ba5 7. c5 d5 8. cxd6 Qxd6 9. b4 Bb6 10. g3 a5 11. bxa5 Bxa5 12. Bg2 e5 13. O-O exd4 14. exd4 Be6 15. Qc2 Nbd7 16. Bf4 Qe7 17. Rfb1 Nb6 18. Bg5 h6 19. Bxf6 Qxf6 20. Ne4 Qf5 21. Nf4 Bd5 22. Qd3 Rfd8 23. Rc1 Bxe4 24. Bxe4 Qf6 25. Ne2 Nc8 26. Qf3 Qxf3 27. Bxf3 Bb6 28. Rd1 Nd6 29. a4 Ra5 30. d5 c5 31. Rab1 Ba7 32. Nc3 c4 33. Rd2 Bc5 34. Kg2 g5 35. Be2 b6 36. Rc2 Bd4 37. Rb4 Kg7 38. Nb5 Nxb5 39. axb5 Rxd5 40. Rbxc4 Bc5 41. Re4 Ra7 42. h4 1/2-1/2

[Event "FIDE Womens Grand Prix-I 2022-23"]
[Site "Nur-Sultan"]
[Date "2022.09.18"]
[Round "1.6"]
[White "Wagner, Dinara"]
[Black "Paehtz, Elisabeth"]
[Result "0-1"]
[ECO "E94"]
[WhiteElo "2358"]
[BlackElo "2477"]
[Annotator "ChessBase"]
[PlyCount "84"]
[EventDate "2022.09.15"]
[EventType "tourn"]
[EventCountry "KAZ"]
[SourceTitle "playchess.com"]
[Source "ChessBase"]
[SourceQuality "1"]
[TimeControl "40/5400+30:1800+30"]

1. d4 Nf6 2. c4 g6 3. Nc3 Bg7 4. e4 d6 5. Nf3 O-O 6. Be2 e5 7. O-O Bg4 8. Be3 Bxf3 9. Bxf3 exd4 10. Bxd4 Nc6 11. Be3 Re8 12. Qc2 Nd7 13. Rad1 Bxc3 14. Qxc3 Qf6 15. Qd2 Nc5 16. Bg5 Qe6 17. Qc2 Qe5 18. Be3 Nxe4 19. Rfe1 Nc5 20. Re2 Ne6 21. Qa4 Nc5 22. Qc2 a5 23. h3 Ne6 24. Qb3 Reb8 25. Kf1 Qh2 26. Ke1 Ne5 27. Bd5 a4 28. Qc3 Re8 29. Bxb7 Rab8 30. Bd5 Nf4 31. Bxf4 Qxf4 32. g3 Qf5 33. Bg2 Nd7 34. Rxe8+ Rxe8+ 35. Kf1 Nc5 36. Kg1 Re2 37. Qd4 Ne6 38. Qa7 Rxb2 39. Rf1 Rxa2 40. Bd5 Qxh3 41. c5 Nd4 42. Bxf7+ Kg7 0-1

[Event "FIDE Womens Grand Prix-I 2022-23"]
[Site "Nur-Sultan"]
[Date "2022.09.27"]
[Round "9.1"]
[White "Tan, Zhongyi"]
[Black "Shuvalova, Polina"]
[Result "0-1"]
[ECO "E51"]
[WhiteElo "2525"]
[BlackElo "2510"]
[Annotator "TA"]
[PlyCount "96"]
[EventDate "2022.09.15"]
[EventType "tourn"]
[EventCountry "KAZ"]
[SourceTitle "playchess.com"]
[Source "ChessBase"]
[SourceQuality "1"]
[TimeControl "40/5400+30:1800+30"]

1. d4 Nf6 2. c4 e6 3. Nc3 Bb4 4. Nf3 O-O 5. e3 d5 6. Bd2 Nbd7 7. cxd5 {[%emt 0:07:45] Recently 7.Rc1 got a lot of attention. E51: Nimzo-Indian: Rubinstein: 4...0-0 5 Nf3 d5.} exd5 8. Bd3 c6 9. Qc2 {[%emt 0:01:19] The position is equal.} Re8 10. O-O Bd6 11. Rfe1 Nf8 12. e4 dxe4 13. Nxe4 Nxe4 14. Bxe4 h6 {[%emt 0:03:46] Inhibits Ng5.} 15. Ne5 Be6 16. Rad1 {[%emt 0:04:24] [#]} Qh4 $146 (16... Bc7 $5 ) ({Predecessor:} 16... Bc7 17. a3 Qxd4 18. Bf4 Qb6 19. b4 Rad8 20. Bd3 Bb8 21. Re3 Rd4 22. Rf3 Rxf4 23. Rxf4 Bxe5 24. Re4 Qc7 25. Bc4 Bf5 {0-1 (25) Stepanov,A (1785)-Shikalov,R (2425) Dubna 2009}) 17. Bc3 Rad8 18. g3 Qh5 19. Bf3 Qh3 20. Qe2 a6 21. b3 Bc7 22. Bg2 Qf5 23. Be4 Qh3 24. Bg2 Qf5 25. Nc4 Qb5 26. Qb2 Bg4 27. Rc1 Rxe1+ 28. Rxe1 {[%emt 0:00:08][%cal Oe1e5] [#] Threatens to win with Re5!} Qg5 {[%emt 0:01:35] Prevents Re5.} 29. h4 Qh5 30. Re7 Ne6 31. Nd2 {[%emt 0:10:39] Inhibits Bf3.} (31. Ne3 $11) 31... Qb5 (31... Qf5 $17 32. f3 Bh3) 32. Ne4 b6 $2 (32... Qf5 $11) 33. a4 $2 (33. f3 $16 {stays on course.} Bh5 34. g4) 33... Qd3 ({Black should try} 33... Qh5 $17) 34. a5 (34. d5 $1 $11 {keeps the balance.} cxd5 35. Bxg7 dxe4 36. Qf6) 34... Bf3 $17 {[%emt 0:01:11] Black is more active.} 35. Bxf3 Qxf3 36. Qc2 bxa5 {[%emt 0:01:11] Strongly threatening ...Kf8.} 37. Nc5 Nxc5 38. Rxc7 {[%emt 0:00:05] Loses the game.} (38. dxc5 $17 {was necessary.} Bxg3 39. fxg3 Qxg3+ 40. Kf1) 38... Ne4 39. Be1 $2 (39. Bxa5 Rxd4 40. Rc8+ Kh7 41. Rd8) 39... Rxd4 $19 {[%emt 0:00:10] ( -> ...Rd1)} 40. Re7 f5 (40... c5 $142 {White must now prevent ...f5.} 41. Re8+ Kh7 42. Rxe4 Qxe4 43. Qxe4+ Rxe4 44. Bxa5 Re2) 41. Kh2 $2 (41. Qxc6 Rd1 42. Qe8+ Kh7 43. Rxg7+ Kxg7 44. Qe7+ Kg6 45. Qe8+ Kf6 46. Qf8+ Ke6 47. Qe8+ Kd5 48. Qd8+ Kc6 49. Qc8+ Kb6 50. Qb8+ Kc6 51. Qc8+ Kd5 52. Qd8+ Ke6 53. Qe8+ Kd6 54. Qd8+ Ke6 55. Qe8+) 41... c5 ({Weaker is} 41... Rd1 42. Qc4+ Rd5 43. Qxc6 Nxf2 44. Qe8+ (44. Bxf2 Qxf2+ 45. Kh3 Qf1+ 46. Kh2 Rd2+) 44... Kh7 45. Rxg7+ Kxg7 46. Qe7+ Kg8 47. Qe8+ Kh7 48. Qf7+ Kh8 49. Qf8+ Kh7 50. Qf7+ Kh8 51. Qf8+ Kh7 52. Qf7+ $11) 42. Qb2 Kh7 43. Rf7 Kg6 44. Rf8 {[%emt 0:00:08] [#]} Rd2 $3 45. Qe5 (45. Qxd2 Nxd2) 45... Rxf2+ {[%emt 0:00:15] Black mates.} ({Resist} 45... Rd1 46. Qe8+ Kh7 47. Rh8#) 46. Bxf2 Qxf2+ 47. Kh3 Qf1+ 48. Kh2 Qe2+ {[%emt 0:00:04] Weighted Error Value: White=0.72/Black=0.31} 0-1

[Event "FIDE Womens Grand Prix-I 2022-23"]
[Site "Nur-Sultan"]
[Date "2022.09.27"]
[Round "9.2"]
[White "Wagner, Dinara"]
[Black "Assaubayeva, Bibisara"]
[Result "1/2-1/2"]
[ECO "D12"]
[WhiteElo "2358"]
[BlackElo "2443"]
[Annotator "TA"]
[PlyCount "115"]
[EventDate "2022.09.15"]
[EventType "tourn"]
[EventCountry "KAZ"]
[SourceTitle "playchess.com"]
[Source "ChessBase"]
[SourceQuality "1"]
[TimeControl "40/5400+30:1800+30"]

1. d4 d5 2. c4 c6 3. Nf3 Nf6 4. e3 Bf5 5. Nc3 e6 6. Nh4 Bg6 7. Bd2 {[%emt 0:00:33] D12: Slav Defence: 3 Nf3 Nf6 4 e3 Bf5.} Nbd7 8. Qb3 Qc7 9. Nxg6 {[%emt 0:08:48] White has an edge. 9.f3 is setting a new trend.} hxg6 10. O-O-O a5 11. cxd5 exd5 12. Qc2 Bb4 (12... Rxh2 $11 13. Rxh2 Qxh2) 13. h4 $14 {[%emt 0:15:32] [#]} a4 $146 (13... c5 $11 {might be stronger.}) ({Predecessor:} 13... Nf8 14. f3 Ne6 15. Bd3 c5 16. dxc5 Qxc5 17. Kb1 O-O 18. a3 Rfc8 19. Qb3 Bxc3 20. Bxc3 Qxe3 {0-1 (51) Keymer,V (2664)-Artemiev,V (2700) chess24.com INT 2022}) 14. f3 (14. Kb1 $16) 14... a3 $11 15. b3 O-O-O 16. Kb1 {[%emt 0:02:34][%cal Oc3b5] [#] aiming for Nb5!} Kb8 17. Bd3 Qa5 18. e4 dxe4 19. fxe4 Ka8 20. e5 Ng4 {[%emt 0:03:35] And now ...Nf2 would win.} 21. Ne4 {[%emt 0:01:26] Inhibits Nf2.} Nb6 22. Nd6 Rd7 (22... Nd5 $5 23. Nxf7 Nde3 24. Bxb4 Qxb4 $11) 23. Be4 Bxd2 24. Qxd2 Qxd2 25. Rxd2 f6 26. Bxg6 {[%emt 0:00:45] Strongly threatening Bf5.} fxe5 27. dxe5 Nxe5 28. Bf5 Rdd8 29. Re1 Nd5 30. Ne4 (30. Rxe5 $11 Rxd6 31. Be4) 30... Rxh4 (30... g6 $17 31. Bh3 Kb8) 31. Kc1 (31. Be6 $1 $11 {remains equal.}) 31... Re8 $17 {[%emt 0:01:59] ...g6 is the strong threat.} 32. Nc5 g6 (32... Rf4 $17 33. g4 g6 34. Bxg6 Re7) 33. Bxg6 $15 Re7 34. Bf5 b6 35. Ne6 Nf7 {[%emt 0:00:42] Pair of Knights!} 36. g3 Rh6 37. Rde2 Nd6 38. g4 Rh4 39. Rc2 Nb4 40. Rd2 Nxf5 41. gxf5 Rf4 (41... Ka7 $15) 42. Rd8+ $11 Ka7 43. Nxf4 Rxe1+ {[%emt 0:00:01][%mdl 4096] Endgame KRN-KRN} 44. Kd2 Re5 45. Nd3 Nxd3 46. Kxd3 Rxf5 {[%emt 0:00:06] KR-KR} 47. Rd4 b5 {[%emt 0:02:41] Threatens to win with ...Rf2.} 48. b4 Rf2 49. Kc3 Rxa2 {[%emt 0:02:11] Hoping for ...Rb2.} 50. Kb3 Ra1 51. Rh4 $1 Kb6 52. Rg4 Rc1 53. Kxa3 Rc3+ 54. Kb2 Rc4 55. Rxc4 {[%emt 0:00:15][%mdl 64] [#] Remove Defender. The position is equal.} bxc4 56. Kc2 $1 c5 57. bxc5+ Kxc5 58. Kc3 {[%emt 0:00:01] Weighted Error Value: White=0.14 (very precise) /Black=0.12 (very precise)} 1/2-1/2

[Event "FIDE Womens Grand Prix-I 2022-23"]
[Site "Nur-Sultan"]
[Date "2022.09.27"]
[Round "9.3"]
[White "Paehtz, Elisabeth"]
[Black "Kashlinskaya, Alina"]
[Result "1/2-1/2"]
[ECO "E48"]
[WhiteElo "2477"]
[BlackElo "2491"]
[Annotator "TA"]
[PlyCount "70"]
[EventDate "2022.09.15"]
[EventType "tourn"]
[EventCountry "KAZ"]
[SourceTitle "playchess.com"]
[Source "ChessBase"]
[SourceQuality "1"]
[TimeControl "40/5400+30:1800+30"]

1. d4 Nf6 2. c4 e6 3. Nc3 Bb4 4. e3 O-O 5. Bd3 d5 6. Nge2 dxc4 7. Bxc4 Nbd7 {[%emt 0:00:25] E48: Nimzo-Indian: Rubinstein: 5 Bd3 d5 including 6 Ne2, but excluding 6 a3.} 8. O-O e5 {[%emt 0:04:00] [#]} 9. Bxf7+ $1 Rxf7 {[%emt 0:00:23] White is slightly better.} 10. dxe5 {[%emt 0:00:05] Hoping for e6.} Qe7 (10... Ng4 $2 11. e6 $18) 11. exf6 Nxf6 12. Nf4 c6 {[%emt 0:03:28] [#] Prevents Ncd5.} 13. f3 $146 ({Predecessor:} 13. Bd2 Bf5 14. Nce2 Bxd2 15. Qxd2 g5 16. Ng3 Ne4 17. Nxe4 gxf4 18. Nd6 Rd8 19. Rad1 {1-0 (42) Djuric,S (2358)-Kacani,K (2091) Cesenatico 2019}) 13... Bc5 14. Kh1 b6 15. Re1 Bd6 16. e4 {[%emt 0:05:47][%cal Oe4e5] [#] e5! is the strong threat.} Nd7 17. Nd3 {[%emt 0:06:58][%cal Oe4e5] Strongly threatening e5!} Ba6 {[%emt 0:01:18] White must now prevent ...Bxd3.} 18. e5 Bxd3 (18... Bxe5 $2 19. Nxe5 Nxe5 20. f4 $18) 19. exd6 Qxd6 {[%emt 0:01:24] The position is equal.} 20. b3 Nf6 21. Ba3 Qd7 22. Qd2 Rd8 23. Rad1 c5 24. Bb2 Re7 25. Rxe7 Qxe7 26. Na4 Ne8 27. Re1 Bg6 28. Qf2 Qf7 29. Nc3 Nf6 30. Kg1 Qd7 31. h3 Qd2 32. Rd1 Qxf2+ 33. Kxf2 Rxd1 34. Nxd1 Nd5 35. Nc3 {[%emt 0:01:53] Against Bb1} Nxc3 {[%emt 0:02:17] Weighted Error Value: White=0.06 (flawless) /Black=0.06 (flawless)} 1/2-1/2

[Event "FIDE Womens Grand Prix-I 2022-23"]
[Site "Nur-Sultan"]
[Date "2022.09.27"]
[Round "9.4"]
[White "Zhu, Jiner"]
[Black "Lagno, Kateryna"]
[Result "0-1"]
[ECO "B45"]
[WhiteElo "2464"]
[BlackElo "2547"]
[Annotator "TA"]
[PlyCount "64"]
[EventDate "2022.09.15"]
[EventType "tourn"]
[EventCountry "KAZ"]
[SourceTitle "playchess.com"]
[Source "ChessBase"]
[SourceQuality "1"]
[TimeControl "40/5400+30:1800+30"]

1. e4 c5 2. Nf3 e6 3. d4 cxd4 4. Nxd4 Nc6 5. Nc3 Nf6 6. Nxc6 bxc6 7. e5 Nd5 8. Ne4 Bb7 9. c4 {[%emt 0:00:28] B45: Sicilian Four Knights.} Nb4 10. c5 {[%emt 0:00:13] And now Qb3 would win.} Qb8 {[%emt 0:01:14] 10...Ba6 is not played anymore.} 11. f4 {[%emt 0:00:15] The position is equal.} Ba6 {[%emt 0:00:45] Prevents Bc4.} 12. Be2 {[%emt 0:00:16] is now debated instead of 12.a3.} Bxe2 13. Qxe2 Nd5 14. O-O Qb4 {[%emt 0:00:25] [#]} 15. Kh1 $146 ({Predecessor:} 15. a3 Bxc5+ 16. Kh1 Qb6 17. b4 Be7 18. f5 Qb5 19. Qf3 exf5 20. Qxf5 O-O 21. Bd2 {0-1 (80) Caruana,F (2786)-Fedoseev,V (2701) Chess.com INT 2022}) 15... Bxc5 16. Bd2 Qd4 17. Rad1 {[%emt 0:06:58] [#] Strongly threatening Be1.} Be7 18. Bc3 Qe3 19. Qc2 {[%emt 0:00:18] Black must now prevent Rd4.} Qb6 20. Bd4 c5 21. Nxc5 (21. Bxc5 Bxc5 22. Nxc5 (22. Qxc5 $2 Qxc5 23. Nxc5 Ne3 $19) 22... Rc8 $17) 21... Rc8 22. Rc1 O-O 23. Qf2 Qb5 24. b3 (24. a4 $5 Qb4 25. b3 $11) 24... Rc6 $2 (24... d6 $11 25. exd6 Bxd6) 25. Rc4 $2 ({White should play} 25. a4 $16 Qa5 26. f5 (26. Nxd7 Rxc1 27. Rxc1 Rd8 $11)) 25... Bxc5 26. Bxc5 Rfc8 27. f5 {[%emt 0:01:49][%cal Of5e6] [#] Hoping for fxe6!} f6 $1 (27... Rxc5 28. fxe6 Nf6 29. Rxc5 (29. exf6 dxe6 30. a4 Qb6 $14) 29... Rxc5 30. exd7 $16 (30. exf6 dxe6 31. Rd1 Rd5 $11)) 28. exf6 $2 Nxf6 $2 (28... Rxc5 $19 29. a4 Qb6) 29. fxe6 $2 {[%emt 0:02:42][%mdl 8192] Now White is beyond hope.} Rxc5 $19 30. a4 Qb6 31. a5 Qb5 ({Don't play} 31... Qxa5 32. b4 Qa6 33. Rxc5 Rxc5 34. bxc5 Qxe6 35. Ra1 $18) 32. exd7 Rxc4 {[%emt 0:00:04] Weighted Error Value: White=0.41/Black=0.26 (precise)} 0-1

[Event "FIDE Womens Grand Prix-I 2022-23"]
[Site "Nur-Sultan"]
[Date "2022.09.27"]
[Round "9.5"]
[White "Abdumalik, Zhansaya"]
[Black "Goryachkina, Aleksandra"]
[Result "1/2-1/2"]
[ECO "C67"]
[WhiteElo "2503"]
[BlackElo "2579"]
[Annotator "TA"]
[PlyCount "29"]
[EventDate "2022.09.15"]
[EventType "tourn"]
[EventCountry "KAZ"]
[SourceTitle "playchess.com"]
[Source "ChessBase"]
[SourceQuality "1"]
[TimeControl "40/5400+30:1800+30"]

1. e4 e5 2. Nf3 Nc6 3. Bb5 Nf6 4. O-O Nxe4 5. d4 Nd6 6. dxe5 Nxb5 7. a4 Nbd4 8. Nxd4 d6 9. exd6 Nxd4 10. Qxd4 Qxd6 11. Qe4+ Qe6 12. Qd4 Qd6 13. Qe4+ Qe6 14. Qd4 Qd6 15. Qe4+ {[%emt 0:00:05] An uneventful encounter. C67: Ruy Lopez: Berlin Defence: 4 0-0 Nxe4.} 1/2-1/2

[Event "FIDE Womens Grand Prix-I 2022-23"]
[Site "Nur-Sultan"]
[Date "2022.09.27"]
[Round "9.6"]
[White "Kosteniuk, Alexandra"]
[Black "Vaishali, Rameshbabu"]
[Result "1-0"]
[ECO "B30"]
[WhiteElo "2521"]
[BlackElo "2449"]
[Annotator "TA"]
[PlyCount "71"]
[EventDate "2022.09.15"]
[EventType "tourn"]
[EventCountry "KAZ"]
[SourceTitle "playchess.com"]
[Source "ChessBase"]
[SourceQuality "1"]
[TimeControl "40/5400+30:1800+30"]

1. e4 c5 2. Nf3 Nc6 3. Bb5 e6 4. O-O Nge7 5. Re1 a6 6. Bf1 d5 7. exd5 Nxd5 8. d4 Nf6 9. Be3 cxd4 {[%emt 0:00:14] B30: Sicilian: 2...Nc6 3 Bb5, lines without ...g6.} 10. Nxd4 Bd7 11. Nb3 Qc7 {[%emt 0:07:05] The position is equal.} 12. N1d2 {[%emt 0:07:47] [#]} Nd5 $146 ({Predecessor:} 12... Be7 13. c3 O-O 14. g3 Rad8 15. Qe2 Nd5 16. Bc5 Bxc5 17. Nxc5 Bc8 18. Rad1 Na5 {½-½ (52) Herrmann,H-Meissner,R GER email 2009}) 13. Bc5 Be7 (13... Bxc5 $11 14. Nxc5 Rd8) 14. Ne4 $1 $14 O-O 15. c4 Nf4 16. g3 Ng6 17. Qh5 (17. Bd6 $14 Bxd6 18. Qxd6) 17... b6 $11 18. Bxe7 Ncxe7 19. c5 $40 {[%emt 0:01:33][%mdl 128] White is up to no good.} Bc6 20. Rac1 Bd5 21. Nbd2 bxc5 22. Nxc5 Qa5 23. Qe2 Nf5 {[%emt 0:15:42] Hoping for ...Nd4.} 24. Ndb3 {[%emt 0:01:01] Against Nd4} Qb4 (24... Qxa2 $2 25. Ra1 Bxb3 26. Rxa2 Bxa2 27. b3 $18) 25. Rc3 Rfd8 26. Nxa6 Qa4 (26... Qb6 $11) 27. Nc7 $16 Rab8 28. Nxd5 exd5 29. Qc2 d4 (29... Nd6 $16 {might work better.}) 30. Rc7 Nd6 {[%emt 0:00:31] [#]} (30... Nh6 $142 31. Qb1 Ra8) 31. Qc5 $1 $18 Qxa2 32. Nxd4 {[%emt 0:00:09][%cal Bb3d4,Bd4f5,Bf5h6][%mdl 32] Threatens to win with Nc6.} Nb7 $2 (32... Nf8 33. Nc6 Ne6) 33. Qc3 {[%emt 0:02:04] Intending Nf5 and mate. White is clearly winning.} Qa5 {[%emt 0:00:30] Inhibits Nf5.} 34. b4 Qb6 35. Nf5 Qf6 {[%emt 0:00:33] [#]} 36. Nh6+ $1 {[%emt 0:00:08][%mdl 512] Weighted Error Value: White=0.12 (very precise) /Black=0.23 (precise)} 1-0

[Event "FIDE Womens Grand Prix-I 2022-23"]
[Site "Nur-Sultan"]
[Date "2022.09.28"]
[Round "10.1"]
[White "Shuvalova, Polina"]
[Black "Vaishali, Rameshbabu"]
[Result "1/2-1/2"]
[ECO "B33"]
[WhiteElo "2510"]
[BlackElo "2449"]
[Annotator "TA"]
[PlyCount "39"]
[EventDate "2022.09.15"]
[EventType "tourn"]
[EventCountry "KAZ"]
[SourceTitle "playchess.com"]
[Source "ChessBase"]
[SourceQuality "1"]
[TimeControl "40/5400+30:1800+30"]

1. e4 c5 2. Nf3 Nc6 3. d4 cxd4 4. Nxd4 Nf6 5. Nc3 e5 6. Nde2 Bc5 {[%emt 0:00:42] 6...Bc5 scores better than 6...Bb4.} 7. Ng3 {[%emt 0:00:09] The position is equal.} O-O {[%emt 0:00:06] B33: Sicilian: Pelikan and Sveshnikov Variations.} 8. Bc4 d6 9. O-O Ng4 {[%emt 0:02:00] aiming for ...Qh4.} 10. h3 Qh4 {[%emt 0:00:33] Threatens to win with ...Nxf2.} 11. Qf3 Nd4 12. Qd3 {[%emt 0:00:05] [#] Dancing on a razor blade.} Be6 $146 {[%emt 0:00:06] Strongly threatening ...Bxc4.} ({Predecessor:} 12... Nf6 13. Na4 Bxh3 14. Nxc5 dxc5 15. c3 b5 16. Bxb5 Nxb5 17. Qxb5 Be6 18. Rd1 Ng4 {½-½ (68) Langner,L (2370)-Prymula,R (2255) Czech Republic 1994}) 13. hxg4 {[%emt 0:00:21] Nd5 is the strong threat.} Bxc4 14. Qxc4 {[%emt 0:00:03] Black must now prevent Be3.} Nf3+ $1 15. gxf3 Qxg3+ 16. Kh1 Qh3+ (16... Qxf3+ 17. Kh2 $16) (16... Bxf2 17. Rxf2 $1 Qxf2 18. Qe2 Qxe2 19. Nxe2 $16) 17. Kg1 Qg3+ (17... Qxf3 18. Kh2 $16) 18. Kh1 Qh3+ ({Don't take} 18... Qxf3+ 19. Kh2 $16) ({But not} 18... Bxf2 {[#]} 19. Rxf2 $1 Qxf2 20. Qe2 Qxe2 21. Nxe2 $16) 19. Kg1 Qg3+ ({Don't do} 19... Qxf3 20. Kh2 $16) 20. Kh1 {[%emt 0:00:05] A balanced but interesting game.  Weighted Error Value: White=0.00 (flawless) /Black=0.00 (flawless)} 1/2-1/2